 Dungeon Crawl Stone Soup version 0.31-a0-7-g51783674b7 (webtiles) character file.

Game seed: 12876293343852789108

221 dracfodder the Vexing (level 5, -3/41 HPs)
             Began as a Gnoll Hexslinger on May 5, 2023.
             Slain by a gnoll bouda
             ... wielding a +0 whip
              (10 damage)
             ... on level 4 of the Dungeon.
             The game lasted 00:16:24 (3194 turns).

dracfodder the Vexing (Gnoll Hexslinger)            Turns: 3194, Time: 00:16:24

Health: -3/41      AC:  3    Str:  9    XL:     5   Next: 98%
Magic:  1/10       EV: 14    Int: 13    God:
Gold:   100        SH:  0    Dex: 14    Spells: 6/10 levels left

rFire   . . .        a - +2 sling
rCold   . . .        (no shield)
rNeg    . . .        c - +1 robe
rPois   .            (no helmet)
rElec   .            (no cloak)
rCorr   .            (no gloves)
SInv    .            (no boots)
Will    .....        f - amulet of regeneration
Stlth   ++           d - ring of flight
HPRegen 1.06/turn    (no ring)
MPRegen 0.12/turn

%: no passive effects
@: weakened, flying
A: fangs 1, strong nose, distributed training, sense surroundings 1
a: no special abilities


You were on level 4 of the Dungeon.
You visited 1 branch of the dungeon, and saw 4 of its levels.

You collected 100 gold pieces.

Inventory:

Hand Weapons
 a - a +2 sling (weapon)
Armour
 c - a +1 robe (worn)
Jewellery
 d - a ring of flight (left hand)
 f - an amulet of regeneration (around neck)
Scrolls
 b - 2 scrolls of poison
 g - a scroll of identify
 h - a scroll of magic mapping
Potions
 e - a potion of flight
 i - 2 potions of curing
 j - a potion of lignification


   Skills:
 + Level 3.1 Fighting
 + Level 1.8 Short Blades
 + Level 1.8 Long Blades
 + Level 1.8 Axes
 + Level 1.8 Maces & Flails
 + Level 1.8 Polearms
 + Level 1.8 Staves
 + Level 4.9 Ranged Weapons
 + Level 1.8 Throwing
 + Level 1.8 Armour
 + Level 4.9 Dodging
 + Level 1.8 Stealth
 + Level 1.8 Shields
 + Level 1.8 Unarmed Combat
 + Level 3.3 Spellcasting
 + Level 1.4 Conjurations
 + Level 5.6 Hexes
 + Level 1.4 Summonings
 + Level 1.4 Necromancy
 + Level 1.4 Translocations
 + Level 1.4 Transmutations
 + Level 1.4 Fire Magic
 + Level 1.4 Ice Magic
 + Level 1.4 Air Magic
 + Level 1.4 Earth Magic
 + Level 1.4 Poison Magic
 + Level 2.0 Invocations
 + Level 1.8 Evocations


You had 6 spell levels left.
You knew the following spells:

 Your Spells              Type           Power      Damage    Failure   Level
a - Slow                  Hex            64%        N/A       2%          1
b - Portal Projectile     Hex/Tloc       22%        N/A       16%         3

Your spell library contained the following spells:

 Spells                   Type           Power      Damage    Failure   Level
 Foxfire                  Conj/Fire      20%        2x1d5     12%         1
 Inner Flame              Hex/Fire       11%        N/A       16%         3
 Cause Fear               Hex            8%         N/A       22%         4
 Fireball                 Conj/Fire      2%         3d4       98%         5
 Plasma Beam              Fire/Air       2%         2x1d14    100%        6
 Starburst                Conj/Fire      2%         6d3       100%        6


Dungeon Overview and Level Annotations

Branches:
Dungeon (3/15)

Altars:
Gozag
Kikubaaqudgha
Okawaru


Innate Abilities, Weirdness & Mutations

You have very sharp teeth.
Your uncanny sense of smell can sniff out nearby items.
Your experience applies equally to all skills.
You passively map a small area around you.


Message History

The gnoll bouda hits you with a +0 whip!
The gnoll bouda barely misses you.
Unknown command.
Aiming: Slow (safe; 2% risk of failure)
Press: ? - help, Q - select action, (/) - cycle Shift-Dir - straight line, f/p - gnoll bouda
Aim: a gnoll bouda, wielding a +0 whip and wearing a +0 leather armour (moderately wounded, chance to affect: 50%)
The gnoll bouda resists with some effort.
The gnoll bouda hits you with a +0 whip!
* * * LOW HITPOINT WARNING * * *
Aiming: Slow (safe; 2% risk of failure)
Press: ? - help, Q - select action, (/) - cycle Shift-Dir - straight line, f/p - gnoll bouda
Aim: a gnoll bouda, wielding a +0 whip and wearing a +0 leather armour (moderately wounded, chance to affect: 50%)
The gnoll bouda resists with some effort.
The gnoll bouda hits you with a +0 whip.
* * * LOW HITPOINT WARNING * * *
Aiming: Slow (safe; 2% risk of failure)
Press: ? - help, Q - select action, (/) - cycle Shift-Dir - straight line, f/p - gnoll bouda
Aim: a gnoll bouda, wielding a +0 whip and wearing a +0 leather armour (moderately wounded, chance to affect: 50%)
The gnoll bouda resists with some effort.
The gnoll bouda misses you.
You are too injured to fight recklessly!
You are too injured to fight recklessly!
You are too injured to fight recklessly!
You are too injured to fight recklessly!
Fire: a) +2 sling
Press: ? - help, Shift-Dir - straight line, f/p - gnoll bouda
Aim: a gnoll bouda, wielding a +0 whip and wearing a +0 leather armour (moderately wounded, 65% to hit)
You shoot a sling bullet.
The sling bullet closely misses the gnoll bouda.
The sling bullet closely misses the gnoll.
The gnoll bouda hits you with a +0 whip!
* * * LOW HITPOINT WARNING * * *
Fire: a) +2 sling
Press: ? - help, Shift-Dir - straight line, f/p - gnoll bouda
Aim: a gnoll bouda, wielding a +0 whip and wearing a +0 leather armour (moderately wounded, 65% to hit)
You shoot a sling bullet. The sling bullet hits the gnoll bouda.
The gnoll bouda is heavily wounded.
The gnoll is no longer moving quickly.
The gnoll bouda hits you with a +0 whip!
You die...

,.. #.# #..........
, ,#.# #.#
.......... * **
..##.# .......... ,
* ..#.# .......... *
* * #.#.# ..........
#.#.#†#.# .######'##
*#.....Sg# #####'##
#...)##g# *∆
#...†... , .....
*#@# *#....... *
###.
#.######.##.......
*#.
*#........##.......
..
,*###.#######.......
, # , ####..##
#....... , ,
,,#......# #.......
* ∆ #......#
#....... *
,,#...)..## #.......
* #.......# #.......


You could see a gnoll bouda, a gnoll and a ball python.

Vanquished Creatures
  A scorpion (D:4)
  Jessica (D:2)
  Natasha (D:2)
  2 gnolls (D:4)
  3 adders
  2 worms
  A dart slug (D:1)
  An orc (D:4)
  8 ball pythons
  7 bats
  4 giant cockroaches
  3 goblins
  4 hobgoblins
  8 kobolds
  4 quokkas
  3 frilled lizards
  13 rats
66 creatures vanquished.

Notes
Turn   | Place    | Note
-------+----------+-------------------------------------------
     0 | D:1      | dracfodder the Gnoll Hexslinger began the quest for the
                  | Orb.
     0 | D:1      | Reached XP level 1. HP: 17/17 MP: 4/4
   144 | D:1      | Reached XP level 2. HP: 19/23 MP: 3/5
   673 | D:1      | Reached XP level 3. HP: 28/28 MP: 5/7
  1010 | D:2      | Gained mutation: You passively map a small area around you.
                  | [potion of mutation]
  1108 | D:2      | Reached skill level 1 in Invocations
  1120 | D:2      | Learned a level 3 spell: Portal Projectile
  1533 | D:2      | Reached skill level 1 in Short Blades
  1533 | D:2      | Reached skill level 1 in Long Blades
  1533 | D:2      | Reached skill level 1 in Axes
  1533 | D:2      | Reached skill level 1 in Maces & Flails
  1533 | D:2      | Reached skill level 1 in Polearms
  1533 | D:2      | Reached skill level 1 in Staves
  1533 | D:2      | Reached skill level 1 in Throwing
  1533 | D:2      | Reached skill level 1 in Armour
  1533 | D:2      | Reached skill level 1 in Stealth
  1533 | D:2      | Reached skill level 1 in Shields
  1533 | D:2      | Reached skill level 1 in Unarmed Combat
  1533 | D:2      | Reached skill level 1 in Evocations
  1554 | D:2      | Reached XP level 4. HP: 22/34 MP: 5/8
  1585 | D:2      | Noticed Jessica
  1590 | D:2      | Killed Jessica
  1591 | D:2      | Reached skill level 1 in Conjurations
  1591 | D:2      | Reached skill level 1 in Summonings
  1591 | D:2      | Reached skill level 1 in Necromancy
  1591 | D:2      | Reached skill level 1 in Translocations
  1591 | D:2      | Reached skill level 1 in Transmutations
  1591 | D:2      | Reached skill level 1 in Fire Magic
  1591 | D:2      | Reached skill level 1 in Ice Magic
  1591 | D:2      | Reached skill level 1 in Air Magic
  1591 | D:2      | Reached skill level 1 in Earth Magic
  1591 | D:2      | Reached skill level 1 in Poison Magic
  1676 | D:2      | Noticed Natasha
  1693 | D:2      | Killed Natasha
  1730 | D:2      | Reached XP level 5. HP: 40/40 MP: 7/9
  2497 | D:3      | Found an iron altar of Okawaru.
  2497 | D:3      | Found an ancient bone altar of Kikubaaqudgha.
  2650 | D:3      | Found an opulent altar of Gozag.
  2940 | D:3      | You are sucked into a shaft and drop 1 floor!
  3194 | D:4      | Slain by a gnoll bouda

Illustrated notes

Levels and vault maps discovered:
D:1:      onia_arrival_mini_spirals, layout_loops_ring, minmay_indecisive_spiral
D:2:      minmay_evil_eye, layout_basic, uniq_jessica, uniq_natasha
D:3:      layout_rooms, nicolae_overflow_two_pavilions, grunt_gozag_statues,
          mainiacjoe_overflow_large_starburst, serial_bayou_lake_a
D:4:      layout_basic

Skill      XL: |  1  2  3  4  5 |
---------------+----------------+-----
Invocations    | 1 2 |  2.0
Short Blades   | 1 |  1.8
Long Blades    | 1 |  1.8
Axes           | 1 |  1.8
Maces & Flails | 1 |  1.8
Polearms       | 1 |  1.8
Staves         | 1 |  1.8
Throwing       | 1 |  1.8
Armour         | 1 |  1.8
Stealth        | 1 |  1.8
Shields        | 1 |  1.8
Unarmed Combat | 1 |  1.8
Evocations     | 1 |  1.8
Spellcasting   | 3 |  3.3
Conjurations   | 1 |  1.4
Summonings     | 1 |  1.4
Necromancy     | 1 |  1.4
Translocations | 1 |  1.4
Transmutations | 1 |  1.4
Fire Magic     | 1 |  1.4
Ice Magic      | 1 |  1.4
Air Magic      | 1 |  1.4
Earth Magic    | 1 |  1.4
Poison Magic   | 1 |  1.4
Fighting       | 3 |  3.1
Ranged Weapons | |  4.9
Dodging        | |  4.9
Hexes          | |  5.6

Action                     |  1- 3 |  4- 6 || total
---------------------------+-------+-------++-------
   Fire: Sling             |   157 |    88 ||   245
   Cast: Slow              |    53 |    48 ||   101
    Use: Scroll            |     2 |     9 ||    11
         Potion            |     1 |     1 ||     2
 Armour: Robe              |    14 |    11 ||    25
  Dodge: Dodged            |    57 |    44 ||   101

Table legend: (Time is in decaauts)
 A = Elapsed time spent in this place.
 B = Non-inter-level travel time spent in this place.
 C = Inter-level travel time spent in this place.
 D = Time resting spent in this place.
 E = Time spent auto-exploring this place.
 F = Levels seen in this place.
 G = Mean time per level.
                   A        B        C        D        E       F      G
               +--------+--------+--------+--------+--------+-----+--------+
         Total |   3239 |   3199 |     40 |    237 |   2389 |   4 |  809.8 |
       Dungeon |   3239 |   3199 |     40 |    237 |   2389 |   4 |  809.8 |
               +--------+--------+--------+--------+--------+-----+--------+

Top non-repeatable levels by time:
     D:2: 1429 daAuts
     D:1: 1023 daAuts
     D:3: 528 daAuts
     D:4: 257 daAuts
